PA
GALESBURG GUZZLERS @ CALDWELL CHIEFS
08/31/2042
 
TOP OF THE 1ST
Galesburg Guzzlers batting - Pitching for Caldwell Chiefs : RHP Gregg Booth
Pitching: RHP Gregg Booth
Batting: RHB Cheh Che 0-0: Ball
1-0: Ground out 4-3 (Groundball, 4, EV 88.1 MPH)
Batting: RHB Nathan Nelson 0-0: Foul Ball, location: 2F
0-1: Ball
1-1: Called Strike
1-2: Ball
2-2: Fly out, F6 (Popup, 6MS, EV 72.5 MPH)
Batting: LHB Luis Flores 0-0: Ball
1-0: Ground out 4-3 (Groundball, 4, EV 103.8 MPH)
Top of the 1st over - 0 runs, 0 hits, 0 errors, 0 left on base; Galesburg 0 - Caldwell 0
BOTTOM OF THE 1ST
Caldwell Chiefs batting - Pitching for Galesburg Guzzlers : RHP Jorge Cambeiro
Pitching: RHP Jorge Cambeiro
Batting: LHB Li-ping Lian 0-0: Foul Ball, location: 2F
0-1: Ball
1-1: SINGLE (Line Drive, 6D, EV 96.2 MPH)
Batting: LHB Bob Holmes 0-0: Foul Ball, location: 2F
0-1: Ball
1-1: Foul Ball, location: 2F
1-2: Strikes out looking
Batting: LHB John Kersey 0-0: Ball
1-0: Called Strike
1-1: Ball
2-1: Ball
3-1: Called Strike
3-2: Foul Ball, location: 2F
3-2: SINGLE (Groundball, 4MD, EV 103.1 MPH)
Li-ping Lian to second
Batting: RHB Nick Davis 0-0: Ball
Li-ping Lian steals 3rd base
John Kersey to second
1-0: Foul Ball, location: 2F
1-1: Ball
2-1: Foul Ball, location: 2F
2-2: Strikes out swinging
Batting: RHB Gin-fan Chong 0-0: Ball
1-0: Ball
2-0: Ground out 6-3 (Groundball, 56, EV 80.6 MPH)
Bottom of the 1st over - 0 runs, 2 hits, 0 errors, 2 left on base; Galesburg 0 - Caldwell 0
TOP OF THE 2ND
Galesburg Guzzlers batting - Pitching for Caldwell Chiefs : RHP Gregg Booth
Batting: RHB Shadow Espinoza 0-0: Ground out U3 (Groundball, 3, EV 100.0 MPH)
Batting: RHB Woody Marshall 0-0: Called Strike
0-1: Ball
1-1: Ball
2-1: SINGLE (Groundball, 34D, EV 101.2 MPH)
Batting: LHB Paul Green 0-0: Foul Ball, location: 2F
0-1: Ball
1-1: Ball
2-1: Called Strike
2-2: Strikes out swinging
Batting: RHB Paul Kelly 0-0: Ball
1-0: Ball
2-0: SINGLE (Groundball, 6MD, EV 96.2 MPH)
Woody Marshall to second
Batting: RHB George O'Rorke 0-0: Called Strike
0-1: Ball
1-1: Ball
2-1: Foul Ball, location: 2F
2-2: Ball
3-2: Ground out 6-3 (Groundball, 6M, EV 86.2 MPH)
Top of the 2nd over - 0 runs, 2 hits, 0 errors, 2 left on base; Galesburg 0 - Caldwell 0
BOTTOM OF THE 2ND
Caldwell Chiefs batting - Pitching for Galesburg Guzzlers : RHP Jorge Cambeiro
Batting: LHB Dan Webb 0-0: Called Strike
0-1: Ground out U3 (Groundball, 34, EV 84.4 MPH)
Batting: RHB Kane Felton 0-0: Called Strike
0-1: Swinging Strike
0-2: Ball
1-2: Strikes out swinging
Batting: RHB Ángelo Atenas 0-0: Ball
1-0: Called Strike
1-1: Fly out, F8 (Line Drive, 8RD, EV 91.9 MPH)
Bottom of the 2nd over - 0 runs, 0 hits, 0 errors, 0 left on base; Galesburg 0 - Caldwell 0
TOP OF THE 3RD
Galesburg Guzzlers batting - Pitching for Caldwell Chiefs : RHP Gregg Booth
Batting: RHB Orlando Yerro 0-0: Ball
1-0: Ball
2-0: Called Strike
2-1: Ball
3-1: Foul Ball, location: 2F
3-2: SINGLE (Flyball, 89M, EV 97.5 MPH)
Batting: RHB Cheh Che 0-0: Ball
1-0: Ball
Wild Pitch!
Orlando Yerro to second
2-0: Called Strike
2-1: Ball
3-1: Fly out, F5 (Line Drive, 5, EV 68.1 MPH)
Batting: RHB Nathan Nelson 0-0: Ground out 4-3 (Groundball, 4, EV 77.5 MPH)
Orlando Yerro to third
Batting: LHB Luis Flores 0-0: Ball
1-0: SINGLE (Line Drive, 89S, EV 105.6 MPH)
Orlando Yerro scores
Batting: RHB Shadow Espinoza 0-0: Foul Ball, location: 2F
0-1: Foul Ball, location: 2F
0-2: Ball
1-2: Fly out, F7 (Flyball, 7S, EV 86.9 MPH)
Top of the 3rd over - 1 run, 2 hits, 0 errors, 1 left on base; Galesburg 1 - Caldwell 0
BOTTOM OF THE 3RD
Caldwell Chiefs batting - Pitching for Galesburg Guzzlers : RHP Jorge Cambeiro
Batting: RHB Yuk Ye 0-0: Called Strike
0-1: Called Strike
0-2: Ball
1-2: DOUBLE (Line Drive, 78M, EV 98.1 MPH)
Batting: LHB Li-ping Lian 0-0: Ball
1-0: Ball
2-0: Ball
3-0: Called Strike
3-1: Base on Balls
Batting: LHB Bob Holmes 0-0: Ball
1-0: Ball
2-0: Ball
3-0: Base on Balls
Yuk Ye to third
Li-ping Lian to second
Batting: LHB John Kersey 0-0: Foul Ball, location: 2F
0-1: Ball
1-1: Ball
2-1: Ball
3-1: Base on Balls
Yuk Ye scores
Li-ping Lian to third
Bob Holmes to second
Batting: RHB Nick Davis 0-0: Ball
1-0: Fly out, F7 (Flyball, 7, EV 86.2 MPH)
Runner from 3rd tags up, OUT at HOME! 7-2
Bob Holmes to third
John Kersey to second
Batting: RHB Gin-fan Chong 0-0: Called Strike
0-1: Ball
1-1: Foul Ball, location: 2F
1-2: Ball
2-2: Ball
3-2: Strikes out looking
Bottom of the 3rd over - 1 run, 1 hit, 0 errors, 2 left on base; Galesburg 1 - Caldwell 1
TOP OF THE 4TH
Galesburg Guzzlers batting - Pitching for Caldwell Chiefs : RHP Gregg Booth
Batting: RHB Woody Marshall 0-0: Foul Ball, location: 2F
0-1: Ball
1-1: Swinging Strike
1-2: TRIPLE (Flyball, 89XD, EV 95.6 MPH)
Batting: LHB Paul Green 0-0: Called Strike
0-1: Ball
1-1: Called Strike
1-2: Ball
2-2: Foul Ball, location: 2F
2-2: Ball
3-2: Strikes out swinging
Batting: RHB Paul Kelly 0-0: Ball
1-0: Ground out 1-3 (Groundball, 13S, EV 65.6 MPH)
Batting: RHB George O'Rorke 0-0: Foul Ball, location: 2F
0-1: Ball
1-1: Called Strike
1-2: Strikes out swinging
Top of the 4th over - 0 runs, 1 hit, 0 errors, 1 left on base; Galesburg 1 - Caldwell 1
BOTTOM OF THE 4TH
Caldwell Chiefs batting - Pitching for Galesburg Guzzlers : RHP Jorge Cambeiro
Batting: LHB Dan Webb 0-0: Foul Ball, location: 2F
0-1: Ball
1-1: Foul Ball, location: 2F
1-2: Strikes out swinging
Batting: RHB Kane Felton 0-0: Ball
1-0: Swinging Strike
1-1: Swinging Strike
1-2: Ball
2-2: Foul Ball, location: 2F
2-2: Ball
3-2: Strikes out swinging
Batting: RHB Ángelo Atenas 0-0: Ball
1-0: Ball
2-0: Foul Ball, location: 2F
2-1: Ball
3-1: Called Strike
3-2: Ground out 4-3 (Groundball, 4, EV 103.8 MPH)
Bottom of the 4th over - 0 runs, 0 hits, 0 errors, 0 left on base; Galesburg 1 - Caldwell 1
TOP OF THE 5TH
Galesburg Guzzlers batting - Pitching for Caldwell Chiefs : RHP Gregg Booth
Batting: RHB Orlando Yerro 0-0: Called Strike
0-1: Ball
1-1: Called Strike
1-2: Fly out, F4 (Line Drive, 4, EV 69.4 MPH)
Batting: RHB Cheh Che 0-0: Ball
1-0: Fly out, F8 (Line Drive, 8RD, EV 86.2 MPH)
Batting: RHB Nathan Nelson 0-0: Called Strike
0-1: Swinging Strike
0-2: Foul Ball, location: 2F
0-2: Strikes out looking
Top of the 5th over - 0 runs, 0 hits, 0 errors, 0 left on base; Galesburg 1 - Caldwell 1
BOTTOM OF THE 5TH
Caldwell Chiefs batting - Pitching for Galesburg Guzzlers : RHP Jorge Cambeiro
Batting: RHB Yuk Ye 0-0: Called Strike
0-1: Called Strike
0-2: Ground out 5-3 (Groundball, 56, EV 88.8 MPH)
Batting: LHB Li-ping Lian 0-0: Ball
1-0: Ball
2-0: Called Strike
2-1: Ball
3-1: Base on Balls
Pitching: LHP Ray Smiley
Batting: LHB Bob Holmes 0-0: Called Strike
0-1: Foul Ball, location: 2F
0-2: Fly out, F7 (Line Drive, 7S, EV 111.2 MPH)
Batting: LHB John Kersey 0-0: Ball
1-0: Foul Ball, location: 2F
1-1: Ball
2-1: Foul Ball, location: 2F
2-2: Ground out 4-3 (Groundball, 34, EV 109.4 MPH)
Bottom of the 5th over - 0 runs, 0 hits, 0 errors, 1 left on base; Galesburg 1 - Caldwell 1
TOP OF THE 6TH
Galesburg Guzzlers batting - Pitching for Caldwell Chiefs : RHP Gregg Booth
Batting: LHB Luis Flores 0-0: Ball
1-0: Fly out, F9 (Flyball, 9D, EV 86.9 MPH)
Batting: RHB Shadow Espinoza 0-0: Ball
1-0: Ball
2-0: Called Strike
2-1: Swinging Strike
2-2: SINGLE (Groundball, 34D, EV 97.5 MPH)
Batting: RHB Woody Marshall 0-0: Ball
1-0: Called Strike
1-1: Called Strike
1-2: Ball
2-2: Strikes out swinging
Batting: LHB Paul Green 0-0: Ball
1-0: Swinging Strike
1-1: DOUBLE (Line Drive, 9LD, EV 105.6 MPH)
Shadow Espinoza to third
Runner from 3rd tries for Home, SAFE, throw by RF to trailing runner, SAFE at third!
Batting: RHB Paul Kelly 0-0: Ball
1-0: Foul Ball, location: 2F
1-1: Foul Ball, location: 2F
1-2: Ball
2-2: Ball
3-2: Fly out, F7 (Flyball, 7, EV 91.9 MPH)
Top of the 6th over - 1 run, 2 hits, 0 errors, 1 left on base; Galesburg 2 - Caldwell 1
BOTTOM OF THE 6TH
Caldwell Chiefs batting - Pitching for Galesburg Guzzlers : LHP Ray Smiley
Batting: RHB Nick Davis 0-0: Ball
1-0: Foul Ball, location: 2F
1-1: Ground out 5-3 (Groundball, 5, EV 90.0 MPH)
Batting: RHB Gin-fan Chong 0-0: Called Strike
0-1: Fly out, F9 (Flyball, 9S, EV 93.8 MPH)
Batting: LHB Dan Webb 0-0: Ball
1-0: Foul Ball, location: 2F
1-1: Ball
2-1: Fly out, F6 (Popup, 6M, EV 75.6 MPH)
Bottom of the 6th over - 0 runs, 0 hits, 0 errors, 0 left on base; Galesburg 2 - Caldwell 1
TOP OF THE 7TH
Galesburg Guzzlers batting - Pitching for Caldwell Chiefs : RHP Gregg Booth
Batting: RHB George O'Rorke 0-0: Fly out, F9 (Flyball, 9D, EV 91.9 MPH)
Batting: RHB Orlando Yerro 0-0: Called Strike
0-1: Ball
1-1: Swinging Strike
1-2: Ground out 4-3 (Groundball, 4D, EV 111.9 MPH)
Batting: RHB Cheh Che 0-0: Swinging Strike
0-1: Foul Ball, location: 2F
0-2: Strikes out swinging
Top of the 7th over - 0 runs, 0 hits, 0 errors, 0 left on base; Galesburg 2 - Caldwell 1
BOTTOM OF THE 7TH
Caldwell Chiefs batting - Pitching for Galesburg Guzzlers : LHP Ray Smiley
Batting: RHB Kane Felton 0-0: Ball
1-0: Ball
2-0: Swinging Strike
2-1: SINGLE (Groundball, 6MD, EV 98.1 MPH)
Batting: RHB Ángelo Atenas 0-0: Ball
1-0: Foul Ball, location: 2F
1-1: Called Strike
1-2: Foul Ball, location: 2F
1-2: Ball
2-2: Ball
3-2: Strikes out swinging
Kane Felton steals 2nd, throwing error, E2
Kane Felton to third
Batting: RHB Yuk Ye 0-0: Called Strike
0-1: Ball
1-1: Foul Ball, location: 2F
1-2: Ball
2-2: Strikes out swinging
Pinch Hitting: RHB Derrick Davis 0-0: Foul Ball, location: 2F
0-1: Foul Ball, location: 2F
0-2: Ball
1-2: Strikes out looking
Bottom of the 7th over - 0 runs, 1 hit, 1 error, 1 left on base; Galesburg 2 - Caldwell 1
TOP OF THE 8TH
Galesburg Guzzlers batting - Pitching for Caldwell Chiefs : RHP Gregg Booth
Pitching: RHP Víctor Moreno
Now in CF: Tim Garner
Batting: RHB Nathan Nelson 0-0: Called Strike
0-1: Ball
1-1: Called Strike
1-2: Strikes out swinging
Batting: LHB Luis Flores 0-0: Fly out, F7 (Flyball, 78S, EV 88.1 MPH)
Batting: RHB Shadow Espinoza 0-0: Ball
1-0: Foul Ball, location: 2F
1-1: Swinging Strike
1-2: Hit by Pitch
Batting: RHB Woody Marshall 0-0: Ball
1-0: Ball
2-0: Foul Ball, location: 2F
2-1: Foul Ball, location: 2F
2-2: Foul Ball, location: 2F
2-2: Foul Ball, location: 2F
2-2: Ground out 5-3 (Groundball, 56S, EV 78.8 MPH)
Top of the 8th over - 0 runs, 0 hits, 0 errors, 1 left on base; Galesburg 2 - Caldwell 1
BOTTOM OF THE 8TH
Caldwell Chiefs batting - Pitching for Galesburg Guzzlers : LHP Ray Smiley
Now at 1B: Ching Sun
Batting: LHB Bob Holmes 0-0: Called Strike
0-1: Foul Ball, location: 2F
0-2: Foul Ball, location: 2F
0-2: Ball
1-2: Foul Ball, location: 2F
1-2: Ground out 4-3 (Groundball, 34, EV 104.4 MPH)
Batting: LHB John Kersey 0-0: Called Strike
0-1: Ball
1-1: Called Strike
1-2: SINGLE (Groundball, 34D, EV 104.4 MPH)
Pitching: RHP Otto Mathews
Now at SS: Ethan Allcorn
Batting: RHB Nick Davis 0-0: Foul Ball, location: 2F
0-1: Foul Ball, location: 2F
0-2: Fielders Choice at 2nd, 6-4 (Groundball, 56S, EV 82.5 MPH)
Batting: RHB Gin-fan Chong 0-0: Ball
1-0: Ball
2-0: Swinging Strike
2-1: Called Strike
2-2: Ground out 4-3 (Groundball, 4, EV 104.4 MPH)
Bottom of the 8th over - 0 runs, 1 hit, 0 errors, 1 left on base; Galesburg 2 - Caldwell 1
TOP OF THE 9TH
Galesburg Guzzlers batting - Pitching for Caldwell Chiefs : RHP Víctor Moreno
Batting: LHB Paul Green 0-0: Called Strike
0-1: SINGLE (Groundball, 4D, EV 96.9 MPH)
Batting: RHB Paul Kelly 0-0: Bunted foul
0-1: Bunted foul
0-2: Ball
1-2: Fly out, F8 (Line Drive, 8LD, EV 96.2 MPH)
Batting: RHB George O'Rorke 0-0: Ball
1-0: Foul Ball, location: 2F
1-1: Foul Ball, location: 2F
1-2: Ball
2-2: Strikes out swinging
Batting: RHB Orlando Yerro 0-0: Fielders Choice at 2nd, U4 (Groundball, 4M, EV 83.8 MPH)
Top of the 9th over - 0 runs, 1 hit, 0 errors, 1 left on base; Galesburg 2 - Caldwell 1
BOTTOM OF THE 9TH
Caldwell Chiefs batting - Pitching for Galesburg Guzzlers : RHP Otto Mathews
Batting: LHB Dan Webb 0-0: Foul Ball, location: 2F
0-1: Called Strike
0-2: Fly out, F7 (Flyball, 7, EV 95.6 MPH)
Batting: RHB Kane Felton 0-0: Ball
1-0: SINGLE (Groundball, 4M, EV 105.6 MPH)
Batting: RHB Ángelo Atenas 0-0: Ball
1-0: Swinging Strike
1-1: Foul Ball, location: 2F
1-2: Ball
2-2: Foul Ball, location: 2F
2-2: Ball
3-2: Grounds into double play, 4-6-3 (Groundball, 34, EV 82.5 MPH)
Bottom of the 9th over - 0 runs, 1 hit, 0 errors, 0 left on base; Galesburg 2 - Caldwell 1
Friday, March 26th, 2021 - OOTP Baseball 20.8 Build 74